 Dungeon Crawl Stone Soup version 0.26-a0-649-gf8c6c3aab7 (webtiles) character file.

Game seed: 2520501247412517471

86 flotson the Thaumaturge (level 4, 0/34 HPs)
             Began as a Gnoll Wanderer on Sept 26, 2020.
             Succumbed to an adder's poison
             ... on level 2 of the Dungeon.
             The game lasted 00:03:26 (1558 turns).

flotson the Thaumaturge (Gnoll Wanderer)            Turns: 1558, Time: 00:03:27

Health: 0/34       AC:  3    Str: 17    XL:     4   Next: 50%
Magic:  17/17      EV: 11    Int: 13    God:
Gold:   103        SH:  0    Dex: 14    Spells: 25/25 levels left

rFire    . . .     SeeInvis .   a - +2 dagger
rCold    . . .     Faith    .   (no shield)
rNeg     . . .     Spirit   .   h - +0 leather armour
rPois    .         Reflect  .   o - +0 hat
rElec    .         Harm     .   (no cloak)
rCorr    .         Rampage  .   (no gloves)
MR       .....     Rnd*Tele +   (no boots)
Stlth    +.........             (no amulet)
HPRegen  0.11/turn              l - ring of teleportation (curse)
MPRegen  0.15/turn              (no ring)

@: lethally poisoned (0 -> -15), stab
A: distributed training, fangs 1, strong nose
a: no special abilities


You were on level 2 of the Dungeon.
You visited 1 branch of the dungeon, and saw 3 of its levels.

You collected 103 gold pieces.

Inventory:

Hand Weapons
 a - a +2 dagger (weapon)
 b - a +0 hand crossbow
Missiles
 d - 10 bolts
 v - 10 curare-tipped darts (quivered)
Armour
 h - a +0 leather armour (worn)
 o - a +0 hat (worn)
Jewellery
 l - a cursed ring of teleportation (left hand)
 r - an uncursed amulet of guardian spirit
Wands
 e - a wand of random effects (15)
Scrolls
 i - a scroll of remove curse {unknown}
 j - a scroll of fear {unknown}
 m - a scroll of fog {unknown}
 n - 2 scrolls of enchant armour {unknown}
 p - 2 scrolls of identify {unknown}
 s - a scroll of teleportation {unknown}
 t - a scroll of enchant weapon {unknown}
Potions
 c - a potion of haste {unknown}
 f - a potion of degeneration {unknown}
 g - a potion of lignification {unknown}
 k - a potion of mutation {unknown}
 q - 2 potions of stabbing


   Skills:
 + Level 2.7 Fighting
 + Level 1.1 Short Blades
 + Level 1.1 Long Blades
 + Level 1.1 Axes
 + Level 1.1 Maces & Flails
 + Level 1.1 Polearms
 + Level 1.1 Staves
 + Level 1.1 Slings
 + Level 1.1 Bows
 + Level 4.6 Crossbows
 + Level 2.7 Throwing
 + Level 1.1 Armour
 + Level 1.1 Dodging
 + Level 1.1 Stealth
 + Level 1.1 Shields
 + Level 1.1 Unarmed Combat
 + Level 11.2 Spellcasting
 + Level 0.9 Conjurations
 + Level 0.9 Hexes
 + Level 0.9 Summonings
 + Level 0.9 Necromancy
 + Level 0.9 Translocations
 + Level 0.9 Transmutations
 + Level 0.9 Fire Magic
 + Level 0.9 Ice Magic
 + Level 0.9 Air Magic
 + Level 0.9 Earth Magic
 + Level 0.9 Poison Magic
 + Level 1.2 Invocations
 + Level 2.7 Evocations


You had 25 spell levels left.
You didn't know any spells.
Your spell library was empty.

Dungeon Overview and Level Annotations

Branches:
Dungeon (3/15)

Altars:


Innate Abilities, Weirdness & Mutations

Your experience applies equally to all skills.
You have very sharp teeth.
Your uncanny sense of smell can sniff out nearby items.


Message History

You closely miss the adder.
The adder is lightly wounded.
You feel sick. The adder misses you. The adder bites you.
* * * LOW HITPOINT WARNING * * *
You miss the adder.
The adder is lightly wounded.
The adder bites you.
* * * LOW HITPOINT WARNING * * *
You are lethally poisoned!
The adder poisons you!
You closely miss the adder.
The adder is lightly wounded.
* * * LOW HITPOINT WARNING * * *
You feel sick. The adder bites you.
* * * LOW HITPOINT WARNING * * *
You are more poisoned.
The adder poisons you!
It was a potion of stabbing.
You feel ready to backstab.
You die...

#...........#.#.....##......#.
#...........#...............#.
#....................#........
##.......).##...............##
#..........##........#.....#
#....................#.....#
#....................#.....#
#.........###...[.........###
#..........S@......#.........
#####.........###.....####...(...
......................###.(##....
.....####................[.......
####.##................).####..##
##.......#.....................
#......#.#####..........##...#.
##.#......###.....[......##.....
#..#.####..)..#........).##.....


You could see an adder.

Vanquished Creatures
  3 adders (D:2)
  3 worms (D:2)
  4 giant cockroaches
  2 goblins (D:1)
  9 hobgoblins
  7 jackals (D:1)
  A quokka (D:2)
  A ball python (D:1)
  7 bats
  A frilled lizard (D:2)
  5 kobolds
  6 rats
49 creatures vanquished.

Notes
Turn   | Place    | Note
-------+----------+-------------------------------------------
     0 | D:1      | Reached skill level 11 in Spellcasting
     0 | D:1      | flotson the Gnoll Wanderer began the quest for the Orb.
     0 | D:1      | flotson set off with the following items: a +2 dagger, 3
                  | curare-tipped darts, a +0 hand crossbow, 22 bolts, a wand
                  | of random effects (15), a +0 robe
     0 | D:1      | Reached XP level 1. HP: 17/17 MP: 12/12
    74 | D:1      | Reached XP level 2. HP: 23/23 MP: 14/14
   413 | D:1      | Reached XP level 3. HP: 28/28 MP: 15/15
   653 | D:2      | Reached skill level 1 in Invocations
   749 | D:2      | Reached skill level 1 in Short Blades
   749 | D:2      | Reached skill level 1 in Long Blades
   749 | D:2      | Reached skill level 1 in Axes
   749 | D:2      | Reached skill level 1 in Maces & Flails
   749 | D:2      | Reached skill level 1 in Polearms
   749 | D:2      | Reached skill level 1 in Staves
   749 | D:2      | Reached skill level 1 in Slings
   749 | D:2      | Reached skill level 1 in Bows
   749 | D:2      | Reached skill level 1 in Armour
   749 | D:2      | Reached skill level 1 in Dodging
   749 | D:2      | Reached skill level 1 in Stealth
   749 | D:2      | Reached skill level 1 in Shields
   749 | D:2      | Reached skill level 1 in Unarmed Combat
   944 | D:2      | Reached XP level 4. HP: 34/34 MP: 17/17
   989 | D:2      | Found a faded altar of an unknown god.
  1557 | D:2      | HP: 1/34 [adder (3)]
  1558 | D:2      | Succumbed to an adder's poison

Illustrated notes

Levels and vault maps discovered:
D:1:      dpeg_arrival_shrine, layout_rooms
D:2:      layout_rooms, chequers_ecumenical_altar_island
D:3:      layout_rooms, serial_glass, glass_columns_a, glass_columns_c

Skill      XL: |  1  2  3 |
---------------+----------+-----
Spellcasting   | | 11.2
Invocations    | 1 |  1.2
Short Blades   | 1 |  1.1
Long Blades    | 1 |  1.1
Axes           | 1 |  1.1
Maces & Flails | 1 |  1.1
Polearms       | 1 |  1.1
Staves         | 1 |  1.1
Slings         | 1 |  1.1
Bows           | 1 |  1.1
Armour         | 1 |  1.1
Dodging        | 1 |  1.1
Stealth        | 1 |  1.1
Shields        | 1 |  1.1
Unarmed Combat | 1 |  1.1
Fighting       | |  2.7
Crossbows      | |  4.6
Throwing       | |  2.7
Conjurations   | |  0.9
Hexes          | |  0.9
Summonings     | |  0.9
Necromancy     | |  0.9
Translocations | |  0.9
Transmutations | |  0.9
Fire Magic     | |  0.9
Ice Magic      | |  0.9
Air Magic      | |  0.9
Earth Magic    | |  0.9
Poison Magic   | |  0.9
Evocations     | |  2.7

Action                   |  1- 3 |  4- 6 || total
-------------------------+-------+-------++-------
Melee: Dagger            |       |    35 ||    35
       Bite              |       |     4 ||     4
 Fire: Hand crossbow     |    72 |    12 ||    84
Throw: Dart              |     1 |     3 ||     4
  Use: Potion            |       |     1 ||     1
Armor: Robe              |     2 |       ||     2
       Leather armour    |     6 |     8 ||    14
Dodge: Dodged            |    30 |    27 ||    57

Table legend: (Time is in decaauts)
 A = Elapsed time spent in this place.
 B = Non-inter-level travel time spent in this place.
 C = Inter-level travel time spent in this place.
 D = Time resting spent in this place.
 E = Time spent auto-exploring this place.
 F = Levels seen in this place.
 G = Mean time per level.
                   A        B        C        D        E       F      G
               +--------+--------+--------+--------+--------+-----+--------+
         Total |   1581 |   1521 |     60 |    184 |    997 |   3 |  527.0 |
       Dungeon |   1581 |   1521 |     60 |    184 |    997 |   3 |  527.0 |
               +--------+--------+--------+--------+--------+-----+--------+

Top non-repeatable levels by time:
     D:2: 948 daAuts
     D:1: 612 daAuts
     D:3: 21 daAuts
